1961 views
Uploaded 2023-07-16 23:04:30
Game version 1.33
16:34 long 1on6 custom game on DI_sAI_0386_6v10z
Game name "6vs10 com"
Saved by silentstyle
1961 views
Uploaded 2023-07-16 23:04:30
Game version 1.33
16:34 long 1on6 custom game on DI_sAI_0386_6v10z
Game name "6vs10 com"


104 units @ 14k
/ 1.7k
100 buildings @ 13.7k
/ 5.5k



| Staff of Sanctuary | 3 | 750 |
| Orb of Fire | 2 | 650 |
| Scroll of Regeneration | 1 | 100 |
| Scroll of Town Portal | 3 | 1050 |
| Pendant of Energy | 1 | 300 |
| Tiny Farm | 5 | 0 |
| Tiny Altar of Kings | 1 | 0 |
| total: | 16 | 2850g |
| Peasant | 31 | 2325 | / | 0 |
| Gryphon Rider | 6 | 1680 | / | 420 |
| Goblin Zeppelin | 1 | 240 | / | 60 |
| total: | 38 | 4245g | / | 480w |
| Scout Tower | 5 | 150 | / | 100 |
| Guard Tower | 4 | 280 | / | 200 |
| Farm | 10 | 800 | / | 200 |
| Lumber Mill | 2 | 240 | / | 0 |
| Arcane Vault | 3 | 390 | / | 90 |
| Blacksmith | 2 | 280 | / | 120 |
| Town Hall | 1 | 385 | / | 205 |
| Barracks | 1 | 160 | / | 60 |
| Gryphon Aviary | 3 | 420 | / | 450 |
| Workshop | 7 | 980 | / | 980 |
| Keep | 1 | 320 | / | 210 |
| total: | 34 | 3805g | / | 2205w |
| 0:04 | Peasant |
| 0:05 | Farm |
| 0:07 | Lumber Mill |
| 0:31 | Peasant |
| 0:46 | Scout Tower |
| 0:47 | Scout Tower |
| 0:54 | Peasant |
| 0:55 | Peasant |
| 1:13 | Guard Tower |
| 1:13 | Guard Tower |
| 1:14 | Scout Tower |
| 1:16 | Scout Tower |
| 1:24 | Peasant |
| 1:33 | Guard Tower |
| 1:34 | Scout Tower |
| 1:38 | Peasant |
| 1:43 | Improved Lumber Harvesting |
| 1:51 | Peasant |
| 1:53 | Guard Tower |
| 2:03 | Peasant |
| 2:11 | Arcane Vault |
| 2:12 | Farm |
| 2:27 | Peasant |
| 2:28 | Farm |
| 2:43 | Peasant |
| 2:55 | Peasant |
| 3:22 | Tiny Farm |
| 3:22 | Tiny Altar of Kings |
| 3:29 | Peasant |
| 3:29 | Peasant |
| 3:33 | Blacksmith |
| 3:41 | Peasant |
| 3:56 | Peasant |
| 4:00 | Summon Water Elemental |
| 4:08 | Tiny Farm |
| 4:19 | Peasant |
| 4:20 | Peasant |
| 4:35 | Brilliance Aura |
| 5:05 | Summon Water Elemental |
| 5:48 | Town Hall |
| 6:10 | Peasant |
| 6:33 | Peasant |
| 6:41 | Peasant |
| 6:47 | Peasant |
| 6:47 | Peasant |
| 7:14 | Peasant |
| 7:14 | Peasant |
| 7:31 | Peasant |
| 7:33 | Peasant |
| 7:33 | Peasant |
| 7:33 | Peasant |
| 7:33 | Peasant |
| 7:45 | Peasant |
| 7:48 | Blacksmith |
| 7:51 | Goblin Zeppelin |
| 8:03 | Lumber Mill |
| 8:14 | Tiny Farm |
| 8:20 | Peasant |
| 8:22 | Barracks |
| 8:39 | Brilliance Aura |
| 8:42 | Arcane Vault |
| 8:58 | Farm |
| 8:58 | Farm |
| 9:09 | Iron Forged Swords |
| 9:09 | Studded Leather Armor |
| 9:37 | Gryphon Aviary |
| 9:37 | Gryphon Aviary |
| 9:38 | Gryphon Aviary |
| 9:39 | Advanced Lumber Harvesting |
| 9:42 | Farm |
| 9:42 | Farm |
| 9:44 | Tiny Farm |
| 9:58 | Animal War Training |
| 10:12 | Holy Light |
| 10:12 | Healing Wave |
| 10:25 | Storm Bolt |
| 10:33 | Tiny Farm |
| 10:51 | Pendant of Energy |
| 10:55 | Gryphon Rider |
| 10:55 | Gryphon Rider |
| 10:56 | Gryphon Rider |
| 11:07 | Farm |
| 11:09 | Farm |
| 11:11 | Farm |
| 11:31 | Scroll of Town Portal |
| 11:31 | Staff of Sanctuary |
| 11:33 | Steel Forged Swords |
| 11:33 | Reinforced Leather Armor |
| 11:38 | Gryphon Rider |
| 11:41 | Storm Hammers |
| 11:52 | Workshop |
| 11:52 | Workshop |
| 12:08 | Orb of Fire |
| 12:23 | Workshop |
| 12:24 | Workshop |
| 12:27 | Orb of Fire |
| 12:27 | Staff of Sanctuary |
| 12:33 | Arcane Vault |
| 13:10 | Divine Shield |
| 13:26 | Gryphon Rider |
| 13:26 | Gryphon Rider |
| 13:37 | Workshop |
| 13:37 | Workshop |
| 13:39 | Workshop |
| 13:41 | Scroll of Town Portal |
| 13:45 | Staff of Sanctuary |
| 14:15 | Mithril Forged Swords |
| 14:37 | Serpent Ward |
| 14:41 | Thunder Clap |
| 14:56 | Scroll of Town Portal |
| 14:56 | Scroll of Regeneration |
| 15:11 | Dragonhide Armor |
| 15:20 | Keep |
| 16:26 | Holy Light |
| Right click | 783 |
| Select | 466 |
| Select group | 236 |
| Misc. action | 194 |
| Build/train/purchase | 182 |
| Assign group | 61 |
| Use ability | 38 |
| Esc | 7 |
| Chat | 5 |
| Item give/drop | 3 |
| Minimap ping | 3 |
| Rod of Necromancy | 1 | 150 |
| Tiny Farm | 2 | 0 |
| Tiny Altar of Kings | 1 | 0 |
| total: | 4 | 150g |
| Acolyte | 9 | 675 | / | 0 |
| Ghoul | 7 | 840 | / | 0 |
| Frost Wyrm | 3 | 1155 | / | 360 |
| total: | 19 | 2670g | / | 360w |
| Spirit Tower | 1 | 145 | / | 40 |
| Crypt | 3 | 600 | / | 150 |
| Ziggurat | 3 | 450 | / | 150 |
| Altar of Darkness | 3 | 540 | / | 150 |
| Tomb of Relics | 3 | 390 | / | 90 |
| Graveyard | 1 | 215 | / | 0 |
| Necropolis | 4 | 900 | / | 0 |
| Boneyard | 3 | 525 | / | 600 |
| Halls of the Dead | 1 | 320 | / | 210 |
| Black Citadel | 1 | 325 | / | 230 |
| total: | 20 | 3620g | / | 1140w |
| 0:01 | Acolyte |
| 0:02 | Acolyte |
| 0:08 | Crypt |
| 0:10 | Ziggurat |
| 0:54 | Altar of Darkness |
| 1:09 | Ghoul |
| 1:27 | Tomb of Relics |
| 1:30 | Ghoul |
| 1:33 | Tomb of Relics |
| 1:51 | Ghoul |
| 1:52 | Ghoul |
| 2:24 | Summon Water Elemental |
| 2:33 | Halls of the Dead |
| 3:02 | Brilliance Aura |
| 3:05 | Rod of Necromancy |
| 3:39 | Tiny Farm |
| 4:01 | Graveyard |
| 4:17 | Necropolis |
| 4:19 | Summon Water Elemental |
| 5:14 | Brilliance Aura |
| 5:21 | Necropolis |
| 5:24 | Acolyte |
| 5:24 | Acolyte |
| 5:24 | Acolyte |
| 5:25 | Acolyte |
| 5:55 | Summon Water Elemental |
| 6:25 | Black Citadel |
| 6:48 | Ghoul |
| 6:52 | Ziggurat |
| 6:54 | Ziggurat |
| 7:32 | Creature Attack |
| 7:33 | Creature Carapace |
| 8:41 | Tiny Farm |
| 8:59 | Boneyard |
| 9:02 | Boneyard |
| 9:05 | Boneyard |
| 9:49 | Spirit Tower |
| 10:15 | Altar of Darkness |
| 10:16 | Frost Wyrm |
| 10:19 | Ghoul |
| 10:19 | Ghoul |
| 10:21 | Frost Wyrm |
| 10:26 | Acolyte |
| 10:26 | Acolyte |
| 10:39 | Necropolis |
| 10:43 | Frost Wyrm |
| 11:13 | Crypt |
| 11:23 | Altar of Darkness |
| 11:56 | Tiny Altar of Kings |
| 13:15 | Necropolis |
| 14:47 | Acolyte |
| 15:08 | Crypt |
| 15:30 | Tomb of Relics |
| Right click | 426 |
| Select | 297 |
| Build/train/purchase | 58 |
| Esc | 9 |
| Chat | 9 |
| Use ability | 8 |
| Item give/drop | 4 |
| Resource trade | 4 |
| Misc. action | 2 |
| Remove unit | 1 |
| Acolyte | 1 | 75 | / | 0 |
| Ghoul | 2 | 240 | / | 0 |
| total: | 3 | 315g | / | 0w |
| Spirit Tower | 2 | 290 | / | 80 |
| Graveyard | 1 | 215 | / | 0 |
| Crypt | 2 | 400 | / | 100 |
| Altar of Darkness | 1 | 180 | / | 50 |
| Ziggurat | 3 | 450 | / | 150 |
| Tomb of Relics | 1 | 130 | / | 30 |
| Halls of the Dead | 1 | 320 | / | 210 |
| Black Citadel | 1 | 325 | / | 230 |
| total: | 8 | 1375g | / | 330w |
| 0:05 | Acolyte |
| 0:34 | Graveyard |
| 1:04 | Halls of the Dead |
| 1:43 | Crypt |
| 2:15 | Altar of Darkness |
| 2:47 | Ghoul |
| 2:50 | Ziggurat |
| 2:56 | Ghoul |
| 3:55 | Serpent Ward |
| 3:59 | Black Citadel |
| 4:16 | Tomb of Relics |
| 4:35 | Healing Wave |
| 4:43 | Force of Nature |
| 4:53 | Ziggurat |
| 5:26 | Ziggurat |
| 5:38 | Entangling Roots |
| 5:51 | Spirit Tower |
| 6:32 | Healing Wave |
| 7:06 | Crypt |
| 7:21 | Spirit Tower |
| Select | 206 |
| Right click | 193 |
| Select group | 127 |
| Misc. action | 40 |
| Use ability | 26 |
| Resource trade | 25 |
| Build/train/purchase | 21 |
| Assign group | 2 |
| Esc | 1 |

| Potion of Healing | 1 | 150 |
| total: | 1 | 150g |
| Acolyte | 5 | 375 | / | 0 |
| Ghoul | 14 | 1680 | / | 0 |
| Obsidian Statue | 1 | 200 | / | 35 |
| total: | 20 | 2255g | / | 35w |
| Spirit Tower | 1 | 145 | / | 40 |
| Crypt | 2 | 400 | / | 100 |
| Ziggurat | 5 | 750 | / | 250 |
| Altar of Darkness | 1 | 180 | / | 50 |
| Graveyard | 1 | 215 | / | 0 |
| Tomb of Relics | 1 | 130 | / | 30 |
| Necropolis | 1 | 225 | / | 0 |
| Slaughterhouse | 1 | 140 | / | 135 |
| Halls of the Dead | 1 | 320 | / | 210 |
| Black Citadel | 1 | 325 | / | 230 |
| total: | 12 | 2040g | / | 565w |
| 0:02 | Acolyte |
| 0:06 | Crypt |
| 0:08 | Ziggurat |
| 0:10 | Acolyte |
| 1:11 | Altar of Darkness |
| 1:14 | Ghoul |
| 1:16 | Ghoul |
| 1:45 | Graveyard |
| 1:55 | Ghoul |
| 2:08 | Ghoul |
| 2:11 | Ziggurat |
| 2:23 | Ghoul |
| 2:44 | Tomb of Relics |
| 2:57 | Vampiric Aura |
| 3:17 | Halls of the Dead |
| 3:23 | Ghoul |
| 3:32 | Unholy Armor |
| 4:13 | Ghoul |
| 4:19 | Ziggurat |
| 4:34 | Unholy Strength |
| 4:45 | Vampiric Aura |
| 4:49 | Sleep |
| 4:53 | Ghoul |
| 5:09 | Ghoul |
| 5:14 | Ziggurat |
| 5:27 | Ghoul |
| 5:31 | Ziggurat |
| 6:09 | Healing Wave |
| 6:24 | Acolyte |
| 6:52 | Sleep |
| 6:58 | Hex |
| 7:20 | Black Citadel |
| 7:51 | Ghoul |
| 8:45 | Ghoul |
| 8:46 | Ghoul |
| 8:50 | Crypt |
| 8:56 | Slaughterhouse |
| 9:25 | Ghoul |
| 9:51 | Ghoul Frenzy |
| 9:52 | Improved Unholy Armor |
| 10:05 | Obsidian Statue |
| 10:11 | Spirit Tower |
| 10:22 | Potion of Healing |
| 13:16 | Necropolis |
| 15:20 | Acolyte |
| 15:48 | Acolyte |
| Select | 233 |
| Right click | 224 |
| Select group | 114 |
| Assign group | 49 |
| Build/train/purchase | 39 |
| Use ability | 26 |
| Misc. action | 9 |
| Resource trade | 4 |
| Item give/drop | 3 |


| Scroll of Regeneration | 1 | 100 |
| Potion of Healing | 2 | 300 |
| Scroll of Town Portal | 4 | 1400 |
| total: | 7 | 1800g |
| Peasant | 7 | 525 | / | 0 |
| Footman | 6 | 810 | / | 0 |
| Gryphon Rider | 10 | 2800 | / | 700 |
| Goblin Shredder | 1 | 375 | / | 100 |
| total: | 24 | 4510g | / | 800w |
| Scout Tower | 1 | 30 | / | 20 |
| Guard Tower | 1 | 70 | / | 50 |
| Barracks | 1 | 160 | / | 60 |
| Farm | 15 | 1200 | / | 300 |
| Altar of Kings | 1 | 180 | / | 50 |
| Town Hall | 1 | 385 | / | 205 |
| Lumber Mill | 1 | 120 | / | 0 |
| Arcane Vault | 1 | 130 | / | 30 |
| Blacksmith | 2 | 280 | / | 120 |
| Gryphon Aviary | 3 | 420 | / | 450 |
| Keep | 1 | 320 | / | 210 |
| Castle | 1 | 360 | / | 210 |
| total: | 26 | 2905g | / | 1235w |
| 0:01 | Peasant |
| 0:01 | Peasant |
| 0:13 | Barracks |
| 0:18 | Farm |
| 0:27 | Altar of Kings |
| 0:34 | Peasant |
| 0:46 | Peasant |
| 1:00 | Farm |
| 1:13 | Footman |
| 1:19 | Peasant |
| 1:36 | Footman |
| 1:45 | Farm |
| 1:58 | Footman |
| 2:06 | Peasant |
| 2:14 | Peasant |
| 2:27 | Summon Water Elemental |
| 3:08 | Brilliance Aura |
| 3:21 | Town Hall |
| 3:32 | Lumber Mill |
| 3:49 | Summon Water Elemental |
| 4:21 | Keep |
| 5:36 | Goblin Shredder |
| 5:52 | Footman |
| 6:01 | Arcane Vault |
| 6:14 | Scout Tower |
| 6:18 | Footman |
| 6:29 | Footman |
| 6:37 | Scroll of Regeneration |
| 6:50 | Scroll of Town Portal |
| 6:51 | Scroll of Town Portal |
| 6:54 | Castle |
| 7:15 | Thunder Clap |
| 7:23 | Brilliance Aura |
| 7:50 | Gryphon Aviary |
| 8:03 | Gryphon Aviary |
| 8:06 | Gryphon Aviary |
| 8:09 | Storm Bolt |
| 8:28 | Guard Tower |
| 8:43 | Storm Bolt |
| 9:10 | Blacksmith |
| 9:15 | Blacksmith |
| 9:20 | Storm Hammers |
| 9:22 | Gryphon Rider |
| 9:26 | Farm |
| 9:32 | Summon Water Elemental |
| 9:46 | Gryphon Rider |
| 10:13 | Farm |
| 10:14 | Gryphon Rider |
| 10:15 | Gryphon Rider |
| 10:16 | Gryphon Rider |
| 10:35 | Farm |
| 10:39 | Thunder Clap |
| 11:01 | Farm |
| 11:13 | Farm |
| 11:16 | Farm |
| 11:16 | Gryphon Rider |
| 12:10 | Potion of Healing |
| 12:19 | Farm |
| 12:22 | Farm |
| 12:24 | Iron Forged Swords |
| 12:24 | Studded Leather Armor |
| 12:33 | Healing Wave |
| 12:34 | Shockwave |
| 12:47 | Scroll of Town Portal |
| 12:47 | Scroll of Town Portal |
| 12:51 | Potion of Healing |
| 13:00 | Gryphon Rider |
| 13:03 | Farm |
| 13:05 | Farm |
| 13:50 | Gryphon Rider |
| 13:50 | Gryphon Rider |
| 14:12 | Steel Forged Swords |
| 14:29 | Reinforced Leather Armor |
| 14:44 | Serpent Ward |
| 14:47 | Mass Teleport |
| 14:50 | Endurance Aura |
| 15:04 | Gryphon Rider |
| 15:07 | Farm |
| 15:12 | Farm |
| 15:13 | Improved Masonry |
| 16:01 | Storm Bolt |
| Select group | 1432 |
| Right click | 1063 |
| Select | 508 |
| Build/train/purchase | 105 |
| Misc. action | 42 |
| Assign group | 21 |
| Use ability | 21 |
| Chat | 9 |
| Item give/drop | 8 |
| Resource trade | 7 |
| Esc | 2 |
⇛